AoeStats
← BottleDry

Arena

505298087Analyzed
4v4 RM · 25d ago on Sep 8, 2026· 39m 28s· 8 players
Game mode
Random Map
Map size
Large (8 player)
Population
200
Speed
Normal
Resources
Standard
Victory
Conquest
Starting age
Dark Age
Ending age
Imperial Age
RankedLock teamsTeams togetherTeam positionsShared explorationLock speedFull tech treeHidden civsTurbo modeCheats
Victory
Defeat
🇨🇳 Cumans · China
899
+15
🇺🇸 Spanish · United States
868
+16
🇩🇪 Spanish · Germany
843
+17
🇩🇪 Turks · Germany
835
+19
🇬🇧 Hindustanis · United Kingdom
884
-17
🇬🇧 Britons · United Kingdom
872
-17
🇳🇱 Gurjaras · Netherlands
872
-17
🇫🇷 Bohemians · France
869
-16
ii BLACK xEAGLE
11:50 Feudal Age
12:11 Horse Collar
12:37 Double-Bit Axe
17:46 Wheelbarrow
17:07 Stone Mining
17:12 Gold Mining
20:14 Castle Age
21:57 Hand Cart
22:05 Heavy Plow
23:00 Bow Saw
28:56 Gold Shaft Mining
31:53 Scale Mail Armor
31:47 Fletching
32:11 Forging
32:08 Husbandry
32:20 Bloodlines
32:28 Fortified Wall
36:22 Imperial Age
36:53 Iron Casting
36:24 Light Cavalry
36:27 Heavy Camel Rider
Fp OZIL 11
5:35 Loom
11:15 Feudal Age
13:46 Horse Collar
17:09 Castle Age
15:44 Double-Bit Axe
20:13 Wheelbarrow
21:23 Hand Cart
24:02 Bow Saw
23:58 Loom
24:37 Heavy Plow
25:45 Gold Mining
26:42 Stone Mining
32:04 Imperial Age
29:12 Elite Skirmisher
32:01 Fletching
32:41 Ballistics
32:34 Padded Archer Armor
Lahey
6:09 Loom
12:23 Feudal Age
18:24 Castle Age
Dalta75
10:29 Feudal Age
10:49 Horse Collar
10:56 Double-Bit Axe
13:06 Loom
17:32 Castle Age
18:17 Heavy Plow
18:29 Bow Saw
28:36 Pikeman
Schmalu6755
11:48 Feudal Age
16:12 Castle Age
16:57 Loom
17:48 Wheelbarrow
18:18 Double-Bit Axe
19:25 Bloodlines
19:17 Husbandry
22:33 Bow Saw
26:53 Padded Archer Armor
27:26 Gold Mining
27:59 Hand Cart
27:30 Town Watch
28:31 Horse Collar
28:59 Stone Mining
34:12 Imperial Age
34:43 Elite Conquistador
37:18 Leather Archer Armor
37:54 Cavalier
BlatantApollo25
12:29 Feudal Age
16:50 Castle Age
14:45 Double-Bit Axe
14:42 Horse Collar
19:01 Loom
21:59 Imperial Age
21:46 Bow Saw
23:24 Padded Archer Armor
27:44 Leather Archer Armor
29:35 Wheelbarrow
32:14 Murder Holes
33:47 Fletching
34:34 Masonry
35:03 Ballistics
38:50 Hand Cart
39:41 Town Watch
BottleDry
11:51 Feudal Age
13:04 Double-Bit Axe
13:24 Loom
15:49 Castle Age
14:31 Stone Mining
22:21 Fletching
29:05 Bodkin Arrow
30:33 Padded Archer Armor
34:03 Leather Archer Armor
36:55 Gold Mining
Cat
7:23 Loom
10:26 Feudal Age
10:48 Horse Collar
10:55 Double-Bit Axe
15:33 Gold Mining
22:05 Castle Age
22:38 Bloodlines
22:49 Heavy Plow
23:01 Bow Saw
23:29 Wheelbarrow
24:23 Forging
24:18 Scale Barding Armor
25:20 Capped Ram
30:53 Gold Shaft Mining
30:07 Town Watch
30:37 Hand Cart
35:50 Imperial Age
34:19 Stone Mining
35:26 Iron Casting
35:11 Chain Barding Armor
34:42 Fletching
37:06 Crop Rotation
37:38 Two-Man Saw
36:42 Town Patrol
36:41 Cavalier
38:59 Blast Furnace
38:34 Plate Barding Armor
38:45 Plate Barding Armor
38:50 Masonry
Connection lost

Rejoining the realm…

Still unreachable

The connection could not be restored.

Session expired

The server has moved on; the page needs a fresh start.